 Dungeon Crawl Stone Soup version 0.29.1-1-gd02db6906a (webtiles) character file.

Game seed: 12900182896686854560

35440 Inkqb3 the Spry (level 13, -9/66 HPs)
             Began as a Felid Summoner on Oct 17, 2022.
             Was an Initiate of Gozag.
             Mangled by a swamp worm (12 damage)
             ... on level 2 of the Swamp.
             The game lasted 01:44:13 (28930 turns).

Inkqb3 the Spry (Felid Summoner)                   Turns: 28930, Time: 01:44:13

Health: -9/66      AC:  3    Str:  4    XL:     13   Next: 47%
Magic:  20/28      EV: 27    Int: 28    God:    Gozag
Gold:   2074       SH:  0    Dex: 14    Spells: 5/32 levels left
                                        Lives:  0   Deaths: 2

rFire   . . .      SeeInvis +   (weapon unavailable)
rCold   + . .      Faith    .   (shield unavailable)
rNeg    . . .      Spirit   .   (body armour unavailable)
rPois   .          Reflect  .   (helmet unavailable)
rElec   .          Harm     .   (cloak unavailable)
rCorr   .          Rampage  .   (gloves unavailable)
Will    +....      Archmagi +   (boots unavailable)
Stlth   ++........              I - amulet of magic regeneration
HPRegen 0.00/turn               F - +6 ring of intelligence
MPRegen 0.61/turn               H - ring of the Mage {Wiz Archmagi}

@: forested, gold aura, very slightly contaminated, inhibited regen, unable to
read, quick
A: very small, claws 1, fangs 3, see invisible, speed 1, shaggy fur 3, stealthy
paws, no weapons or thrown items, no armour, multi-lived, clumsy 1, mutation
resistance 1, inhibited regeneration, inability to read after injury 1
a: Renounce Religion, Potion Petition, Call Merchant, Bribe Branch


You were on level 2 of the Swamp.
You worshipped Gozag.
Gozag was most pleased with you.
You visited 4 branches of the dungeon, and saw 19 of its levels.

You collected 5742 gold pieces.
You spent 2253 gold pieces at shops.
You paid 1415 gold pieces to Gozag.

Inventory:

Jewellery
 c - a ring of poison resistance
 q - a ring of fire
 v - a ring of protection from cold
 F - a +6 ring of intelligence (left paw)
 H - the ring of the Mage (right paw) {Wiz Archmagi}
   (You bought it in a shop on level 1 of the Lair of Beasts)

   [ring of wizardry]

   It improves your spell success rate.
   Archmagi:  It increases the power of your magical spells.
 I - an amulet of magic regeneration (around neck)
Wands
 e - a wand of flame (21)
 h - a wand of polymorph (4)
 m - a wand of digging (5)
 B - a wand of iceblast (9)
Scrolls
 d - 9 scrolls of teleportation
 j - 3 scrolls of fear
 l - 4 scrolls of immolation
 t - 3 scrolls of noise
 w - 3 scrolls of vulnerability
 C - 5 scrolls of amnesia
 G - 2 scrolls of magic mapping
Potions
 a - 2 potions of magic
 b - 6 potions of attraction
 f - 5 potions of might
 g - 8 potions of mutation
 i - 2 potions of berserk rage
 n - 8 potions of curing
 o - 3 potions of flight
 p - 2 potions of resistance
 r - a potion of heal wounds
 s - 5 potions of lignification
 u - 3 potions of invisibility
 x - 2 potions of ambrosia
 z - 2 potions of cancellation
 E - a potion of haste {unknown}


   Skills:
 + Level 13.1 Fighting
 + Level 17.0 Dodging
 - Level 2.6 Stealth
 - Level 10.0 Spellcasting
 - Level 5.0 Hexes
 - Level 10.0 Summonings
 - Level 10.0 Translocations
 + Level 6.7 Transmutations
 + Level 9.1 Air Magic


You had 5 spell levels left.
You knew the following spells:

 Your Spells              Type           Power      Damage    Failure   Level
a - Summon Forest         Summ/Tloc      40%        N/A       1%          5
b - Summon Mana Viper     Hex/Summ       71%        N/A       1%          5
c - Call Canine Familiar  Summ           81%        N/A       1%          3
d - Summon Guardian Gole  Hex/Summ       71%        N/A       1%          3
e - Summon Lightning Spi  Summ/Air       79%        N/A       1%          4
f - Storm Form            Tmut/Air       36%        N/A       45%         7

Your spell library contained the following spells:

 Spells                   Type           Power      Damage    Failure   Level
 Apportation              Tloc           100%       N/A       1%          1
 Freeze                   Ice            84%        1d10      1%          1
 Necrotise                Necr           84%        1d8       1%          1
 Sandblast                Erth           42%        2d11      1%          1
 Summon Small Mammal      Summ           100%       N/A       1%          1
 Call Imp                 Summ           81%        N/A       1%          2
 Ensorcelled Hibernation  Hex/Ice        84%        N/A       1%          2
 Passwall                 Tmut/Erth      40%        N/A       1%          2
 Confusing Touch          Hex            58%        N/A       1%          3
 Swiftness                Air            78%        N/A       1%          3
 Iskenderun's Mystic Bla  Conj/Tloc      58%        2d12      1%          4
 Summon Ice Beast         Ice/Summ       58%        N/A       1%          4
 Frozen Ramparts          Ice            42%        1d7       4%          3
 Yara's Violent Unravell  Hex/Tmut       31%        3d13      4%          5
 Hailstorm                Conj/Ice       21%        3d6       16%         4
 Borgnjor's Vile Clutch   Necr/Erth      10%        N/A       38%         5
 Fireball                 Conj/Fire      10%        3d6       38%         5
 Iskenderun's Battlesphe  Conj           21%        2d7       38%         5
 Monstrous Menagerie      Summ           40%        N/A       22%         7
 Conjure Ball Lightning   Conj/Air       28%        3x3d8     34%         6
 Enfeeble                 Hex            29%        N/A       83%         7
 Orb of Destruction       Conj           10%        9d6       100%        7


Dungeon Overview and Level Annotations

Branches:
Dungeon (11/15)            Temple (1/1) D:6            Lair (5/5) D:10
  Swamp (2/4) Lair:2       Spider (0/4) Lair:3        Slime (0/5) Lair:4
    Orc (0/2) D:9

Altars:
Ashenzari
Cheibriados
Dithmenos
Elyvilon
Fedhas
Gozag
Hepliaklqana
Kikubaaqudgha
Makhleb
Nemelex Xobeh
Okawaru
Qazlal
Ru
Sif Muna
Trog
Uskayaw
Vehumet
Wu Jian
Xom
Yredelemnul
Zin
The Shining One
Jiyva

Shops:
D:1 (   D:4 [   D:9 [   Lair:1 =   Lair:3 :

Annotations:
D:4 2 transporters
Swamp:1 Louise, Nikola


Innate Abilities, Weirdness & Mutations

You have sharp claws.
You have razor-sharp teeth.
You have supernaturally acute eyesight. (SInv)
You cover ground quickly. (Speed+)
Your thick and shaggy fur keeps you warm. (AC +3, rC+)
Your paws help you pounce on unaware monsters.
You are incapable of wielding weapons or throwing items.
You cannot wear armour.
You gain extra lives every three experience levels.
You are clumsy. (Dex -2)
You are somewhat resistant to further mutation.
You do not regenerate when monsters are visible.
You occasionally lose the ability to read scrolls when taking damage.


Message History

The five-headed hydra closely misses your dryad.
The five-headed hydra bites your dryad!
The five-headed hydra closely misses your dryad.
The five-headed hydra bites your dryad!
Your warg barely misses the five-headed hydra.
A six-headed hydra comes into view.
Your snaplasher vine hits the five-headed hydra!
The spriggan air mage waves its arms in wide circles.
The air twists around and strikes you!
Your warg bites the five-headed hydra!
Your dryad barely misses the five-headed hydra.
A bunyip comes into view.
The five-headed hydra bites your warg.
The five-headed hydra closely misses your warg.
The five-headed hydra bites your warg but does no damage.
The five-headed hydra bites your warg.
The five-headed hydra bites your warg but does no damage.
Your snaplasher vine barely misses the five-headed hydra.
The swamp worm fires a harpoon shot at you.
The harpoon shot hits you!!
You are yanked forward by the harpoon shot.
A bog body comes into view.
Casting: Call Canine Familiar (safe; 1% risk of failure)
Confirm with . or Enter, or press ? or * to list all spells.
The spell is extremely dangerous to miscast (45% risk of failure)!
Continue anyway?
You feel a surge of power!
You miscast Storm Form.
You are very lightly contaminated with residual magic.
You feel a sudden electric shock!!
You feel threatened and lose the ability to read scrolls!
* * * LOW HITPOINT WARNING * * *
The bunyip gives a hideous shriek!
Your warg bites the five-headed hydra!
The spriggan air mage barely misses your snaplasher vine.
Your snaplasher vine hits the five-headed hydra!
Your dryad hits the five-headed hydra.
The five-headed hydra bites your snaplasher vine! x3
Your snaplasher vine is destroyed!
The five-headed hydra bites your warg! The five-headed hydra misses your warg.
The swamp worm bites you!
You die...
Your body crumbles into a pile of gold.

♣♣.♣.w§.~..
♣~~..♣Di~..~~..
♣$§~$hR........
♣~~~......~....
♣.~~~....~~.~..
♣~..──~....§.
♣~~/..w..xD.
♣♣/~..~~.♣...
♣V....~@w♣....
♣♣~~........~..
♣.~~~..~.~~...~
♣♣~~.~......n§.
♣~.~~.~~♣~...~.
♣~..~..~.......
♣~~.~..~.~...~~
♣♣§~~~~.~..~...
♣♣~....~.[...


You could see a bunyip, a six-headed hydra, a five-headed hydra (unaware, ally
target), a spriggan air mage (repels missiles), a bog body, a swamp worm, a
friendly dryad (summoned), a friendly warg (summoned) and a friendly snaplasher
vine.

Vanquished Creatures
  A shambling mangrove (Swamp:2)
  An alligator (Swamp:2)
  A swamp worm (Swamp:2)
  2 bats (D:3)
5 creatures vanquished.

Vanquished Creatures (collateral kills)
  A fenstrider witch (Swamp:1)
  An eleionoma (Swamp:2)
  2 bunyips (Swamp:2)
  A shambling mangrove (Swamp:2)
  A ghost crab (Swamp:2)
  8 hydras
  A spriggan air mage (Swamp:2)
  A two-headed ogre (D:11)
  An alligator (Swamp:1)
  3 death yaks (Lair:5)
  Nergalle (Lair:2)
  4 goliath frogs
  2 spriggan druids
  3 bog bodies
  2 wolf spiders (Lair:3)
  A lindwurm (Lair:5)
  A deep elf pyromancer (D:8)
  3 elephants (Lair:5)
  2 will-o-the-wisps (Swamp:2)
  2 black mambas
  A gargoyle (D:11)
  6 cane toads
  6 torpor snails (Lair:5)
  An unseen horror (D:11)
  A kobold demonologist (D:10)
  7 komodo dragons
  A rime drake (Lair:2)
  7 tyrant leeches
  A troll (D:9)
  3 bloated husks
  10 polar bears (Lair:5)
  20 hornets
  11 dream sheep
  4 raiju (Lair:5)
  9 blink frogs
  5 slime creatures (D:9)
  A culicivora (Lair:3)
  3 shadows
  4 spriggans
  40 yaks
  A wraith (D:9)
  Eustachio (D:5)
  2 basilisks
  2 vampire mosquitoes (Swamp:1)
  3 wyverns
  A steam dragon (D:7)
  4 wargs (Lair:5)
  5 swamp worms
  Duvessa (D:5)
  11 water moccasins
  13 hell hounds (Lair:5)
  2 orc warriors
  A sky beast (D:6)
  9 black bears
  3 ogres
  5 centaurs
  26 wolves
  A phantom (D:6)
  3 kobold brigands
  Blork the orc (D:5)
  10 bullfrogs
  A gnoll sergeant (D:10)
  A scorpion (D:7)
  Dowan (D:5)
  2 wights (D:6)
  7 killer bees
  3 jellies
  3 electric eels
  3 howler monkeys
  A hound (D:5)
  4 iguanas (D:5)
  7 orc priests
  5 orc wizards
  7 gnolls
  16 adders
  A shadow imp (D:8)
  A white imp (D:5)
  A nameless horror (D:11)
  An ufetubus (D:6)
  A worm (D:2)
  3 dart slugs
  40 orcs
  4 ball pythons
  7 endoplasms
  3 giant cockroaches
  9 hobgoblins
  4 jackals
  3 quokkas
  6 bats
  2 frilled lizards (D:1)
  13 goblins
  20 kobolds
  6 rats
  3 butterflies (Lair:3)
476 creatures vanquished.

Vanquished Creatures (others)
  A hydra (Swamp:1)
  An ice dragon (Lair:5)
  A death yak (Lair:4)
  A tengu warrior (D:8)
  An ugly thing (D:11)
  A bloated husk (Swamp:2)
  4 hornets
  A blink frog (Lair:2)
  A jumping spider (Lair:3)
  10 yaks
  A wyvern (D:8)
  A vampire mosquito (Swamp:1)
  A steam dragon (D:4)
  The ghost of Ashen the Trooper, an amateur OgMo (D:3)
  4 black bears
  2 ice beasts (D:4)
  6 centaurs
  5 wolves
  A scorpion (D:6)
  A wight (D:6)
  A killer bee (D:8)
  3 jellies
  3 gnolls (D:4)
  A ball python (D:4)
  An endoplasm (Lair:4)
  A kobold (D:4)
  10 foxfires (Swamp:2)
  53 fungi
  119 plants
  11 snaplasher vines
248 creatures vanquished.

Grand Total: 729 creatures vanquished

Notes
Turn   | Place    | Note
-------+----------+-------------------------------------------
     0 | D:1      | Inkqb3 the Felid Summoner began the quest for the Orb.
     0 | D:1      | Reached XP level 1. HP: 7/7 MP: 4/4
   471 | D:1      | Reached XP level 2. HP: 6/11 MP: 1/6
   474 | D:1      | Learned a level 2 spell: Call Imp
   672 | D:1      | Found Exag's Weapon Emporium.
  1503 | D:2      | Reached XP level 3. HP: 14/14 MP: 8/8
  1507 | D:2      | Learned a level 3 spell: Call Canine Familiar
  2566 | D:2      | Reached XP level 4. HP: 18/18 MP: 9/9
  2570 | D:2      | Found a faded altar of an unknown god.
  2757 | D:2      | Learned a level 3 spell: Summon Guardian Golem
  2885 | D:3      | Reached skill level 3 in Dodging
  2885 | D:3      | Reached skill level 5 in Summonings
  2889 | D:3      | Found a snail-covered altar of Cheibriados.
  2894 | D:3      | Reached skill level 1 in Hexes
  2995 | D:3      | Noticed Ashen's ghost (amateur OgMo)
  3006 | D:3      | Found a runed translucent gate.
  3006 | D:3      | Found a runed translucent gate.
  3142 | D:3      | Reached XP level 5. HP: 21/21 MP: 2/11
  3289 | D:3      | Found a runed translucent gate.
  3331 | D:3      | Reached skill level 1 in Fighting
  3685 | D:3      | Found a sparkling altar of Nemelex Xobeh.
  3731 | D:3      | Found a burning altar of Makhleb.
  3895 | D:3      | You fall into a shaft and drop 2 floors!
  3895 | D:5      | Entered Level 5 of the Dungeon
  3970 | D:5      | Noticed a centaur
  4094 | D:5      | Noticed an ogre
  4441 | D:3      | Killed Ashen's ghost
  4442 | D:3      | Gained mutation: You are covered in thick fur. (AC +2)
                  | [Felid growth]
  4442 | D:3      | Reached XP level 6. HP: 26/26 MP: 2/12
  4581 | D:4      | Found a transporter.
  4791 | D:4      | Found Mutroirgh's Antique Armour Boutique.
  4893 | D:4      | Found a radiant altar of Vehumet.
  4895 | D:4      | Noticed a steam dragon
  4917 | D:4      | Killed a steam dragon
  4918 | D:4      | Reached skill level 4 in Dodging
  5147 | D:4      | Learned a level 4 spell: Summon Lightning Spire
  5221 | D:4      | Noticed an ice beast
  5244 | D:4      | Killed an ice beast
  5245 | D:4      | Reached XP level 7. HP: 30/30 MP: 12/14
  5298 | D:4      | Found the +12 glaive of Prune {vorpal}
  5667 | D:4      | Found a glowing silver altar of Zin.
  5708 | D:4      | Reached skill level 5 in Dodging
  5786 | D:4      | Found a sacrificial altar of Ru.
  5884 | D:4      | Found a transporter.
  5887 | D:4      | Noticed a fire bat
  5887 | D:4      | Noticed a fire bat
  7019 | D:5      | Reached skill level 5 in Hexes
  7019 | D:5      | Reached skill level 1 in Air Magic
  7019 | D:5      | Reached XP level 8. HP: 34/34 MP: 3/16
  7355 | D:5      | Noticed Eustachio
  7586 | D:5      | Noticed Blork the orc
  7712 | D:5      | Killed Eustachio
  7713 | D:5      | Reached skill level 6 in Dodging
  7713 | D:5      | Reached skill level 5 in Spellcasting
  8054 | D:5      | Noticed Duvessa
  8072 | D:5      | Killed Duvessa
  8109 | D:5      | Noticed Dowan
  8127 | D:5      | Killed Dowan
  8366 | D:5      | Killed Blork the orc
  8622 | D:6      | Found a staircase to the Ecumenical Temple.
  8647 | Temple   | Entered the Ecumenical Temple
  8661 | Temple   | Became a worshipper of Gozag Ym Sagoz the Greedy
  8752 | D:6      | Reached XP level 9. HP: 39/39 MP: 18/18
  9094 | D:6      | Reached skill level 7 in Dodging
  9711 | D:7      | Found a stormy altar of Qazlal.
  9746 | D:7      | Reached skill level 5 in Fighting
  9903 | D:7      | Found a blossoming altar of Fedhas.
 10076 | D:7      | Found a white marble altar of Elyvilon.
 10570 | D:7      | Reached skill level 8 in Dodging
 10600 | D:7      | Found a glowing golden altar of the Shining One.
 10944 | D:8      | Found a bloodstained altar of Trog.
 11556 | D:8      | Reached XP level 10. HP: 45/45 MP: 2/20
 11978 | D:8      | Noticed a tengu warrior
 12015 | D:8      | Killed a tengu warrior
 12203 | D:8      | Noticed a deep elf pyromancer
 12215 | D:8      | Killed a deep elf pyromancer
 12216 | D:8      | Reached skill level 9 in Dodging
 12550 | D:9      | Found Muome's Armour Shop.
 12597 | D:9      | Found a staircase to the Orcish Mines.
 12608 | D:9      | Found a shadowy altar of Dithmenos.
 12642 | D:9      | Reached skill level 5 in Air Magic
 13645 | D:10     | Entered Level 10 of the Dungeon
 13836 | D:10     | Found a staircase to the Lair.
 13979 | D:10     | Reached skill level 10 in Dodging
 13979 | D:10     | Reached XP level 11. HP: 50/50 MP: 5/23
 15112 | D:11     | Noticed a green ugly thing
 15628 | D:11     | Noticed a two-headed ogre
 15632 | D:11     | Killed a two-headed ogre
 15740 | D:11     | Killed a green ugly thing
 15889 | D:11     | Noticed a seven-headed hydra
 15899 | D:11     | Killed a seven-headed hydra
 16535 | Lair:1   | Entered Level 1 of the Lair of Beasts
 16593 | Lair:1   | Reached skill level 11 in Dodging
 16686 | Lair:1   | Noticed a seven-headed hydra
 16693 | Lair:1   | Killed a seven-headed hydra
 17185 | Lair:1   | Reached skill level 10 in Summonings
 17685 | Lair:1   | Bought the ring of the Mage {Wiz Archmagi} for 663 gold
                  | pieces
 17685 | Lair:1   | Found the ring of the Mage {Wiz Archmagi}
 17693 | Lair:1   | Bought an amulet of magic regeneration for 390 gold pieces
 17716 | Lair:2   | Noticed Nergalle
 17812 | Lair:2   | Gained mutation: Your thick and shaggy fur keeps you warm.
                  | (AC +3, rC+) [Felid growth]
 17812 | Lair:2   | Reached XP level 12. HP: 52/56 MP: 18/25
 18107 | Lair:2   | Killed Nergalle
 18314 | Lair:2   | Reached skill level 12 in Dodging
 18395 | Lair:2   | Paralysed by a hornet for 2 turns
 18546 | Lair:2   | Found a staircase to the Swamp.
 19045 | Lair:3   | Found a dark tunnel.
 19318 | Lair:3   | Noticed an eight-headed hydra
 19347 | Lair:3   | Killed an eight-headed hydra
 19592 | Lair:3   | Found a hole to the Spider Nest.
 19599 | Lair:3   | Reached skill level 13 in Dodging
 19793 | Lair:3   | Reached skill level 10 in Fighting
 20321 | Lair:4   | Reached skill level 1 in Translocations
 20399 | Lair:4   | Reached skill level 10 in Spellcasting
 20412 | Lair:4   | Noticed a death yak
 20425 | Lair:4   | Killed a death yak
 20481 | Lair:4   | Found a viscous altar of Jiyva.
 20481 | Lair:4   | Found a staircase to the Slime Pits.
 20658 | Lair:3   | Bought the Papyrus of the Arenous Voyage for 456 gold
                  | pieces
 20664 | Lair:3   | Learned a level 5 spell: Summon Forest
 21882 | Lair:5   | Entered Level 5 of the Lair of Beasts
 21882 | Lair:5   | Noticed a seven-headed hydra
 21883 | Lair:5   | Noticed a death yak
 21914 | Lair:5   | Reached XP level 13. HP: 62/62 MP: 22/28
 21938 | Lair:5   | Reached skill level 5 in Translocations
 21973 | Lair:5   | Reached skill level 14 in Dodging
 22558 | Lair:5   | Reached skill level 15 in Dodging
 23200 | Lair:3   | Bought the Codex of Metamorphic Beguiling for 288 gold
                  | pieces
 23208 | Lair:3   | Learned a level 7 spell: Storm Form
 23279 | Lair:5   | Reached skill level 1 in Transmutations
 23680 | Lair:5   | Found a runed translucent door.
 24103 | Lair:5   | Identified the +0 chain mail of the Turtledove {Fly Str-3
                  | Int+7 Stlth+}
 24200 | Lair:5   | Reached XP level 14. HP: 66/69 MP: 19/29
 24608 | Lair:5   | Reached skill level 10 in Translocations
 25500 | Lair:3   | Bought a book of Beasts for 456 gold pieces
 25507 | Lair:3   | Learned a level 5 spell: Summon Mana Viper
 26057 | Swamp:1  | Entered Level 1 of the Swamp
 26084 | Swamp:1  | Noticed Nikola
 26088 | Swamp:1  | Killed from afar by Nikola
 26089 | Swamp:1  | Reached XP level 13. HP: -2/64 MP: 20/28
 26125 | Swamp:1  | Reached skill level 16 in Dodging
 26218 | Swamp:1  | Noticed Louise
 26282 | Swamp:1  | Killed by an exploding bloated husk
 26283 | Swamp:1  | Reached XP level 12. HP: -24/61 MP: 19/27
 26327 | Swamp:1  | Noticed a fenstrider witch
 26338 | Swamp:1  | Killed a fenstrider witch
 26687 | Swamp:1  | Reached skill level 5 in Transmutations
 26930 | Swamp:2  | Noticed an alligator
 26931 | Swamp:2  | Noticed a six-headed hydra
 27341 | Swamp:1  | Killed an alligator
 27716 | Swamp:2  | Killed a six-headed hydra
 27851 | Swamp:2  | Noticed a five-headed hydra
 27858 | Swamp:2  | Killed a five-headed hydra
 27973 | Swamp:2  | Gained mutation: You do not regenerate when monsters are
                  | visible. [mutagenic glow]
 27987 | Swamp:2  | Gained mutation: You occasionally lose the ability to read
                  | scrolls when taking damage. [mutagenic glow]
 28001 | Swamp:2  | Gained mutation: You are clumsy. (Dex -2) [mutagenic glow]
 28016 | Swamp:2  | Gained mutation: You are somewhat resistant to further
                  | mutation. [mutagenic glow]
 28169 | Swamp:2  | Noticed an eight-headed hydra
 28170 | Swamp:2  | Noticed an alligator
 28181 | Swamp:2  | Killed an alligator
 28181 | Swamp:2  | Killed an eight-headed hydra
 28182 | Swamp:2  | Reached XP level 13. HP: 55/65 MP: 2/28
 28568 | Swamp:2  | Noticed a bunyip
 28839 | Swamp:2  | Noticed an eleionoma
 28845 | Swamp:2  | Killed an eleionoma
 28910 | Swamp:2  | Noticed a bunyip
 28916 | Swamp:2  | Noticed a bunyip
 28918 | Swamp:2  | Killed a bunyip
 28921 | Swamp:2  | Killed a bunyip
 28922 | Swamp:2  | Reached skill level 17 in Dodging
 28929 | Swamp:2  | Noticed a bunyip
 28930 | Swamp:2  | HP: 3/66 [something (27)]
 28930 | Swamp:2  | Mangled by a swamp worm

Illustrated notes

Levels and vault maps discovered:
D:1:      dpeg_arrival_refuge, layout_loops_ring, serial_shops, shop_statue,
          roderic_filled_cross, chequers_serial_rivers_small_3
D:2:      layout_loops_corners, basic_ecumenical_altar
D:3:      layout_basic, mainiacjoe_overflow_24_doors, lemuel_round_altar,
          cheibriados_altar_1, gammafunk_ghost_split, st_stairs_9,
          grunt_ministairs_1, hex_tiny, minmay_misc_feat_pillars
D:4:      gammafunk_cloud_chamber, layout_loops_corners,
          nicolae_ru_awakened_eye, mainiacjoe_overflow_alcove_4,
          vehumet_altar_wand_db, serial_shops, nicolae_shop_behind_doors,
          kennysheep_potato
D:5:      layout_cave_pools, uniq_eustachio, uniq_blork_the_orc, uniq_duvessa
D:6:      layout_basic, minmay_temple_entry_water_ring,
          chequers_serial_rivers_micro_c
D:7:      layout_loops_ring, nicolae_qazlal_style_of_elements, fedhas_altar_1,
          amcnicky_altar_gilded, nicolae_tso_swordbearing_angel, enter_bailey_3
D:8:      layout_loops_ring, bloody_trog, hex_medium,
          chequers_serial_rivers_micro_c, minmay_misc_feat_square,
          grunt_ministairs_11, wad_mini_maze
D:9:      layout_small_grid, nicolae_dithmenos_shadow_blocks, serial_shops,
          nicolae_shop_crystal
D:10:     layout_irregular_city, dpeg_oklobed_lair, minmay_misc_feat_iff,
          fountainhead
D:11:     layout_stronghold
Temple:   hellmonk_temple_rainy
Lair:1:   layout_long_grid
Lair:2:   layout_loops_ring, swamp_mist, dreamdust_wasp_nest, uniq_nergalle
Lair:3:   layout_chaotic_city, spider_nest_entry_funnel_web,
          nicolae_volcano_entry_hallway, lemuel_fruit_fields
Lair:4:   layout_gridlike, nicolae_slime_entry_slimehenge, st_stairs_11
Lair:5:   hangedman_lair_caniforms_friends, layout_loops_ring, wormcave
Swamp:1:  layout_basic_swamp, evilmike_swamp_ruin_rubble_1, swamp_pool1,
          uniq_louise, uniq_nikola
Swamp:2:  nzn_winding_woodlands_cross [nzn_winding_woodlands_5x15_lazy_stream,
          nzn_winding_woodlands_5x15_pool,
          nzn_winding_woodlands_5x15_concentric,
          nzn_winding_woodlands_5x15_twine,
          nzn_winding_woodlands_15x15_five_gardens], layout_basic_swamp,
          evilmike_swamp_ruin_house_4, swamp_pool1, infiniplex_staircase_pool_2

Skill      XL: |  1  2  3  4  5  6  7  8  9 10 11 12 13 14 |
---------------+-------------------------------------------+-----
Spellcasting   | 3 4 5 6 7 8 10 | 10.0
Dodging        | 3 4 5 6 8 10 11 13 17 | 17.0
Summonings     | 5 6 7 9 10 | 10.0
Hexes          | 1 2 3 5 |  5.0
Fighting       | 1 2 3 4 5 7 8 10 13 | 13.1
Air Magic      | 1 2 4 5 7 9 |  9.1
Translocations | 4 9 10 | 10.0
Transmutations | 5 6 4 |  6.7
Stealth        | |  2.6

Action                   |  1- 3 |  4- 6 |  7- 9 | 10-12 | 13-15 || total
-------------------------+-------+-------+-------+-------+-------++-------
Melee: Unarmed           |     2 |     7 |     5 |     8 |    11 ||    33
       Bite              |     1 |     1 |     2 |       |     1 ||     5
 Cast: Summon Small Mamm |    62 |    32 |     5 |       |       ||    99
       Call Imp          |    23 |    18 |    34 |    25 |     9 ||   109
       Call Canine Famil |       |    12 |    58 |    67 |    27 ||   164
       Summon Guardian G |       |     3 |    31 |    43 |    13 ||    90
       Summon Lightning  |       |       |    17 |    91 |    43 ||   151
       Summon Forest     |       |       |       |    22 |    44 ||    66
       Summon Mana Viper |       |       |       |    13 |    12 ||    25
       Storm Form        |       |       |       |     3 |     4 ||     7
Invok: Call Merchant     |       |       |       |     2 |       ||     2
Evoke: Wand              |       |       |       |     3 |       ||     3
  Use: Scroll            |     2 |     6 |     6 |    13 |    11 ||    38
       Potion            |       |       |       |     1 |     2 ||     3
Armor: Skin              |     2 |     1 |     4 |    10 |    13 ||    30
Dodge: Dodged            |     7 |    21 |    54 |   141 |   151 ||   374
